 Dungeon Crawl Stone Soup version 0.31.0-12-g77e489cdc1 (webtiles) character file.

Game seed: 3090774903483884045

631 Hasittvkic the Changeling (level 7, 0/56 HPs)
             Began as a Merfolk Shapeshifter on Mar 4, 2024.
             Slain by a gnoll
             ... wielding a +0 halberd
              (11 damage)
             ... on level 4 of the Dungeon.
             The game lasted 00:04:17 (2376 turns).

Hasittvkic the Changeling (Merfolk Shapeshifter)    Turns: 2376, Time: 00:04:17

Health: 0/56       AC:  2    Str: 15    XL:     7   Next: 48%
Magic:  7/7        EV: 16    Int:  9    God:
Gold:   120        SH:  0    Dex: 15    Spells: 6/6 levels left

rFire   . .          .
                       - Unarmed
rCold   . . .        (shield currently unavailable)
rNeg    . . .        h - melded +0 ring mail
rPois   .            (no helmet)
rElec   .            (no cloak)
rCorr   .            r - +0 pair of gloves
SInv    .            u - +0 pair of boots
Will    .....        (no amulet)
Stlth   +            L - ring of flight
HPRegen 0.29/turn    (no ring)
MPRegen 0.10/turn

%: no passive effects
@: flux-form, flying, glowing
A: glow, contaminating, (nimble swimmer 2), mertail
a: Begin Untransformation


You were on level 4 of the Dungeon.
You were something dangerously unstable.
You visited 1 branch of the dungeon, and saw 4 of its levels.

You collected 210 gold pieces.
You spent 90 gold pieces at shops.


Innate Abilities, Weirdness & Mutations

You are something dangerously unstable.
You glow with magical radiation, making you easy to see and hit.
Foes you strike become dangerously contaminated with magical radiation.
You are incapable of wielding weapons or throwing items.
((You are very nimble when in or above water. (Stealth+, EV+, Speed+++)))
Your lower body shifts to a powerful aquatic tail in water.


   Skills:
 + Level 5.3 Fighting
 - Level 2.6 Dodging
 + Level 5.3 Unarmed Combat
 - Level 7.0 Shapeshifting


You had 6 spell levels left.
You didn't know any spells.
Your spell library was empty.

Inventory:

Missiles
 b - 3 poisoned darts (quivered)
Armour
 a - a +0 animal skin
 h - a +0 ring mail (melded)
 r - a +0 pair of gloves (worn)
 u - a +0 pair of boots (worn)
Magical Staves
 i - a staff of death {!a}
Jewellery
 L - a ring of flight (left hand)
Talismans
 c - a beast talisman
 d - a flux talisman (active)
Scrolls
 e - 3 scrolls of identify {unknown}
 f - a scroll of brand weapon {unknown}
 g - 2 scrolls of revelation {unknown}
 k - a scroll of blinking {unknown}
 l - 3 scrolls of immolation
 q - 2 scrolls of enchant weapon {unknown}
 v - a scroll of poison {unknown}
Potions
 j - 2 potions of degeneration {unknown}
 m - a potion of magic {unknown}
 n - a potion of mutation {unknown}
 o - a potion of brilliance {unknown}
 p - 2 potions of curing {@q1}
 s - a potion of invisibility {unknown}
 t - 2 potions of berserk rage {unknown}

Dungeon Overview and Level Annotations

Branches:
Dungeon (4/15)
 Temple: D:4-7

Altars:
Hepliaklqana
Okawaru
Zin
The Shining One

#### # ..# #.###.#
#....g#################
#.ggp..............#
#.################.# #.
####.## .# #....#. ..
#.##### ... #...... ...
#....## ..r. #.....#
#......


You could see 3 gnolls.


Message History

The gnoll barely misses you. The gnoll misses you. The adder bites you.
You hit the adder but do no damage.
The adder shudders as magic cascades through it!
You kill the adder!
The gnoll hits you with a +2 whip of electrocution.
You are electrocuted!
A quokka comes into view.
The gnoll hits you with a +2 whip of electrocution!
You see here a throwing net {=f}.
The kobold attacks as it pursues you! The kobold closely misses you.
Unknown command.
You completely miss the kobold. The kobold hits you with a +0 whip.
* * * LOW HITPOINT WARNING * * *
You barely miss the kobold. The kobold barely misses you.
You hit the kobold.
You kill the kobold!
The gnoll closely misses you. The gnoll hits you with a +0 halberd!
* * * LOW HITPOINT WARNING * * *
The gnoll hits you from afar with a +0 spear.
* * * LOW HITPOINT WARNING * * *
You see here a +0 whip.
Unknown command.
You hit the gnoll but do no damage.
The gnoll begins to glow.
The gnoll closely misses you.
The gnoll hits you from afar with a +0 spear.
* * * LOW HITPOINT WARNING * * *
You hit the gnoll but do no damage.
The gnoll glows dangerously bright.
The gnoll hits you with a +0 halberd!
You die...

Skill      XL: |  1  2  3  4  5  6  7 |
---------------+----------------------+-----
Fighting       | 2 3 4 5 |  5.3
Unarmed Combat | 4 5 |  5.3
Shapeshifting  | 5 7 |  7.0
Dodging        | |  2.6

Action                     |  1- 3 |  4- 6 |  7- 9 || total
---------------------------+-------+-------+-------++-------
  Melee: Unarmed           |    85 |    91 |    46 ||   222
         Tailslap          |     1 |       |       ||     1
         Punch             |     3 |     1 |     1 ||     5
    Use: Potion            |       |     2 |       ||     2
 Armour: Animal skin       |    16 |       |       ||    16
         Ring mail         |    26 |    23 |     1 ||    50
         Skin              |       |    16 |    17 ||    33
  Dodge: Dodged            |    46 |    40 |    36 ||   122
   Form: Flux              |       |       |     1 ||     1

Levels and vault maps discovered:
D:1:      dpeg_arrival_castle, layout_rooms, ebering_ecumenical_altar_petrified
D:2:      layout_basic, grunt_decor_mini_mirrors, chequers_decorated_corner,
          eino_curves_03
D:3:      layout_loops_ring, zin_purify,
          chequers_temple_overflow_statue_of_worship, ebering_ghost_inner_flame,
          minmay_close_crescents, uniq_terence, uniq_sigmund
D:4:      layout_basic, nicolae_vehumet_altar_sigil,
          minmay_a_box_with_orc_wizards_in_it, uniq_crazy_yiuf_cottage,
          uniq_pikel, uniq_natasha

Notes
Turn   | Place    | Note
-------+----------+-------------------------------------------
     0 | D:1      | Hasittvkic the Merfolk Shapeshifter began the quest for the
                  | Orb.
     0 | D:1      | Reached XP level 1. HP: 15/15 MP: 1/1
   100 | D:1      | Reached skill level 2 in Fighting
   166 | D:1      | Reached XP level 2. HP: 22/22 MP: 2/2
   412 | D:1      | Reached skill level 3 in Fighting
   452 | D:1      | Found a faded altar of an unknown god.
   484 | D:1      | Reached XP level 3. HP: 23/29 MP: 3/3
   879 | D:2      | Reached skill level 4 in Fighting
   879 | D:2      | Reached XP level 4. HP: 23/37 MP: 4/4
  1021 | D:2      | Reached skill level 4 in Unarmed Combat
  1149 | D:3      | Found a runed translucent door.
  1174 | D:3      | Found Zin's Purification Station.
  1177 | D:3      | Found a glowing silver altar of Zin.
  1180 | D:3      | Bought a potion of curing for 90 gold pieces
  1187 | D:3      | Noticed Terence
  1209 | D:3      | Killed Terence
  1302 | D:3      | Noticed Raydon1206's ghost (amateur HOFi)
  1362 | D:3      | Reached XP level 5. HP: 40/42 MP: 5/5
  1519 | D:3      | Noticed Sigmund
  1544 | D:3      | Killed Sigmund
  1545 | D:3      | Reached skill level 5 in Unarmed Combat
  1545 | D:3      | Reached skill level 5 in Shapeshifting
  1545 | D:3      | Reached XP level 6. HP: 34/48 MP: 6/6
  1548 | D:3      | Reached skill level 6 in Shapeshifting
  1723 | D:3      | Found a glowing golden altar of the Shining One.
  1723 | D:3      | Found a hazy altar of Hepliaklqana.
  1723 | D:3      | Found an iron altar of Okawaru.
  1960 | D:3      | Killed Raydon1206's ghost
  1961 | D:3      | Reached skill level 7 in Shapeshifting
  1961 | D:3      | Reached XP level 7. HP: 54/54 MP: 7/7
  2050 | D:4      | Noticed Natasha
  2054 | D:4      | Killed Natasha
  2120 | D:4      | Reached skill level 5 in Fighting
  2376 | D:4      | Slain by a gnoll

Vanquished Creatures
  Sigmund (D:3)
  The ghost of Raydon1206 the Chopper, an amateur HOFi of Beogh (D:3)
  An ogre (D:4)
  A scorpion (D:4)
  Natasha (D:4)
  Terence (D:3)
  7 adders
  A shadow imp (D:3)
  A ribbon worm (D:2)
  4 dart slugs
  2 orcs
  7 endoplasms
  3 giant cockroaches
  5 goblins
  3 hobgoblins
  10 kobolds
  A quokka (D:2)
  6 ball pythons
  4 bats (D:1)
  3 frilled lizards
  6 rats
69 creatures vanquished.

Table legend: (Time is in decaauts)
 A = Elapsed time spent in this place.
 B = Non-inter-level travel time spent in this place.
 C = Inter-level travel time spent in this place.
 D = Time resting spent in this place.
 E = Time spent auto-exploring this place.
 F = Levels seen in this place.
 G = Mean time per level.
                   A        B        C        D        E       F      G
               +--------+--------+--------+--------+--------+-----+--------+
         Total |   2341 |   2240 |    101 |     66 |   1701 |   4 |  585.2 |
       Dungeon |   2341 |   2240 |    101 |     66 |   1701 |   4 |  585.2 |
               +--------+--------+--------+--------+--------+-----+--------+

Top non-repeatable levels by time:
     D:3: 928 daAuts
     D:2: 576 daAuts
     D:1: 515 daAuts
     D:4: 321 daAuts

Table legend:
 A = Non-vault XP
 B = Vault XP
 C = Vault XP percentage of total XP
 D = Non-vault monster count
 E = Vault monster count
 F = Vault count percentage of total count
                 A         B        C        D         E       F
            +---------+---------+-------+---------+---------+-------
      Total |     388 |     514 |  57.0 |      62 |       7 |  10.1
            +---------+---------+-------+---------+---------+-------
        D:1 |      34 |       0 |   0.0 |      21 |       0 |   0.0
        D:2 |      89 |       0 |   0.0 |      22 |       0 |   0.0
        D:3 |      36 |     478 |  93.0 |       8 |       6 |  42.9
        D:4 |     229 |      36 |  13.6 |      11 |       1 |   8.3
            +---------+---------+-------+---------+---------+-------
